 Dungeon Crawl Stone Soup version 0.31.0-9-g3a7656b989 (webtiles) character file.

Game seed: 705489737907542704

18 qw the Shooter (level 2, -2/14 HPs)
             Began as a Spriggan Hunter on Feb 2, 2024.
             Frozen to death by an endoplasm (5 damage)
             ... on level 1 of the Dungeon.
             The game lasted 00:00:01 (158 turns).

qw the Shooter (Spriggan Hunter)                     Turns: 158, Time: 00:00:01

Health: -2/14      AC:  2    Str:  7    XL:     2   Next: 48%
Magic:  3/3        EV: 19    Int: 10    God:
Gold:   23         SH:  0    Dex: 18    Spells: 1/1 levels left

rFire   . . .        a - +0 shortbow
rCold   . . .        (shield currently unavailable)
rNeg    . . .        c - +0 robe
rPois   .            (helmet restricted)
rElec   .            (no cloak)
rCorr   .            (gloves unavailable)
SInv    +            (boots unavailable)
Will    .....        (no amulet)
Stlth   ++           (no ring)
HPRegen 0.22/turn    (no ring)
MPRegen 0.08/turn

%: no passive effects
@: very quick
A: very small, no large weapons, unfitting armour, see invisible, speed 3
a: no special abilities


You were on level 1 of the Dungeon.
You visited 1 branch of the dungeon, and saw 1 of its levels.

You collected 23 gold pieces.


Innate Abilities, Weirdness & Mutations

You are very small and have problems with some larger weapons.
You are too small for most types of armour.
You have supernaturally acute eyesight. (SInv)
You cover ground extremely quickly. (Speed+++)


   Skills:
 - Level 1.5 Fighting
 + Level 4.1 Ranged Weapons
 - Level 4.0 Dodging
 - Level 1.5 Stealth


You had one spell level left.
You didn't know any spells.
Your spell library was empty.

Inventory:

Hand Weapons
 a - a +0 shortbow (weapon)
Armour
 c - a +0 robe (worn)
Scrolls
 b - a scroll of butterflies

Dungeon Overview and Level Annotations

Branches:
Dungeon (1/15)

Altars:

Shops:
D:1 (


Message History

The ball python misses you. x2
You shoot an arrow. The arrow misses the bat.
The bat barely misses you. The bat completely misses you.
The bat barely misses you. The ball python misses you.
The ball python barely misses you. The endoplasm hits you.
You shoot an arrow. The arrow hits the bat.
The bat is severely wounded.
The bat completely misses you. The bat misses you.
The ball python closely misses you. The ball python completely misses you.
The endoplasm barely misses you.
The ball python bites you but does no damage.
The ball python misses you.
You shoot an arrow. The arrow hits the ball python.
The ball python is heavily wounded.
The bat barely misses you. The bat closely misses you.
The endoplasm freezes you.
You are frozen.
The bat barely misses you. The ball python bites you.
The ball python misses you.
You shoot an arrow. The arrow hits the ball python.
You kill the ball python!
The bat hits you but does no damage. The bat completely misses you.
The endoplasm barely misses you. The bat hits you but does no damage.
The endoplasm closely misses you.
You shoot an arrow. The arrow hits the bat.
The bat is severely wounded.
The bat misses you. x2
The endoplasm freezes you.
You are frozen.
You shoot an arrow. The arrow barely misses the endoplasm.
The bat barely misses you. The bat hits you but does no damage.
The endoplasm closely misses you.
You shoot an arrow. The arrow barely misses the bat.
The bat closely misses you. The bat barely misses you.
The bat completely misses you. The endoplasm barely misses you.
You shoot an arrow. The arrow hits the bat!
You kill the bat!
The bat completely misses you. The bat closely misses you.
The endoplasm freezes you.
You are frozen.
You die...

# #. #.## ... #.#
. # #..#### ..8
## #..b@##...# #.
#####.J%......#
#.
..#..$...........
#$
.................
##.#.
.................
=....
................#
.....
.................
.####
.w...............
..(.
..#...##........
####


You could see an endoplasm and a bat.

Vanquished Creatures
  4 ball pythons (D:1)
  4 bats (D:1)
  An endoplasm (D:1)
  2 giant cockroaches (D:1)
  A goblin (D:1)
  A hobgoblin (D:1)
  A kobold (D:1)
  2 rats (D:1)
16 creatures vanquished.

Notes
Turn   | Place    | Note
-------+----------+-------------------------------------------
     0 | D:1      | qw the Spriggan Hunter began the quest for the Orb.
     0 | D:1      | Reached XP level 1. HP: 10/10 MP: 2/2
     0 | D:1      | 0 ||| qw: Version: 0.3-a-155-g5e7d8dd
     0 | D:1      | 0 ||| qw: Game counter: 1940
     0 | D:1      | 0 ||| qw: Melee chars always use a shield: true
     0 | D:1      | 0 ||| qw: God list: Okawaru
     0 | D:1      | 0 ||| qw: Allow faded altars: false
     0 | D:1      | 0 ||| qw: Do Orc after clearing Dungeon:15 true
     0 | D:1      | 0 ||| qw: Do second Lair branch before Depths: true
     0 | D:1      | 0 ||| qw: Lair rune preference: random
     0 | D:1      | 0 ||| qw: Goals: Normal
     0 | D:1      | 0 ||| PLANNING D:1-11
    55 | D:1      | Reached skill level 3 in Dodging
    79 | D:1      | Reached XP level 2. HP: 14/14 MP: 3/3
    82 | D:1      | Found Ryelyal's Antique Weapon Boutique.
   146 | D:1      | 146 ||| RETREEEEATING.
   147 | D:1      | 147 ||| RETREEEEATING.
   148 | D:1      | 148 ||| RETREEEEATING.
   149 | D:1      | 149 ||| RETREEEEATING.
   155 | D:1      | HP: 2/14 [frozen (3)]
   158 | D:1      | Frozen to death by an endoplasm

Levels and vault maps discovered:
D:1:      dpeg_arrival_court, layout_rooms, serial_corexii_hall,
          corexii_hall_statues_i, corexii_hall_statues_l, serial_shops,
          nicolae_shop_window_shopping

Skill      XL: |  1  2 |
---------------+-------+-----
Dodging        | 3 4 |  4.0
Fighting       | |  1.5
Ranged Weapons | |  4.1
Stealth        | |  1.5

Action                     || total
---------------------------++-------
   Fire: Shortbow          ||    32
 Armour: Robe              ||    10
  Dodge: Dodged            ||    41

Table legend:
 A = Non-vault XP
 B = Vault XP
 C = Vault XP percentage of total XP
 D = Non-vault monster count
 E = Vault monster count
 F = Vault count percentage of total count
                 A         B        C        D         E       F
            +---------+---------+-------+---------+---------+-------
      Total |      28 |       0 |   0.0 |      16 |       0 |   0.0
            +---------+---------+-------+---------+---------+-------
        D:1 |      28 |       0 |   0.0 |      16 |       0 |   0.0
            +---------+---------+-------+---------+---------+-------
